 Dungeon Crawl Stone Soup version 0.27-a0-1296-g8ece459b43 (webtiles) character file.

Game seed: 6805408321264914234

12953 Delamore the Spear-Bearer (level 12, -1/91 HPs)
             Began as a Formicid Fighter on June 16, 2021.
             Was an Initiate of Gozag.
             Slain by a ten-headed hydra (2 damage)
             ... on level 1 of the Lair of Beasts.
             The game lasted 00:19:32 (18078 turns).

Delamore the Spear-Bearer (Formicid Fighter)       Turns: 18078, Time: 00:19:32

Health: -1/91      AC: 15    Str: 26    XL:     12   Next: 26%
Magic:  12/12      EV:  7    Int:  8    God:    Gozag
Gold:   968        SH: 12    Dex: 10    Spells: 11/11 levels left

rFire    . . .     SeeInvis +   x - +5 halberd (freeze)
rCold    . . .     Faith    .   c - +1 kite shield
rNeg     + . .     Spirit   .   L - +2 chain mail {rN+}
rPois    .         Reflect  .   (helmet unavailable)
rElec    .         Harm     .   A - +2 cloak {Will+}
rCorr    +         Rampage  .   (no gloves)
Will     ++...                  (no boots)
Stlth    ..........             (no amulet)
HPRegen  0.25/turn              f - ring of resist corrosion
MPRegen  0.13/turn              z - ring of flight

@: lethally poisoned (-1 -> -11), flying
A: permanent stasis, dig shafts and tunnels, antennae 3, four strong arms
a: Dig, Shaft Self, Renounce Religion, Potion Petition, Call Merchant, Bribe
Branch


You were on level 1 of the Lair of Beasts.
You worshipped Gozag.
Gozag was pleased with you.
You visited 3 branches of the dungeon, and saw 13 of its levels.
You also visited: Sewer.

You collected 2124 gold pieces.
You spent 553 gold pieces at shops.
You paid 603 gold pieces to Gozag.

Inventory:

Hand Weapons
 w - a +2 trident of freezing
 x - a +5 halberd of freezing (weapon)
Missiles
 m - 2 throwing nets
 q - 21 poisoned darts (quivered)
 v - 12 boomerangs of dispersal
 y - 7 javelins
 J - a curare-tipped dart
Armour
 c - a +1 kite shield (worn)
 A - a +2 cloak of willpower (worn)
 L - a +2 chain mail of positive energy (worn)
Jewellery
 f - a ring of resist corrosion (left hand)
 z - a ring of flight (right hand)
 B - a ring of wizardry
Wands
 b - a wand of flame (6)
 r - a wand of acid (11)
 u - a wand of charming (8)
 E - a wand of iceblast (11)
 K - a wand of paralysis (7)
Scrolls
 o - a scroll of magic mapping
 p - a scroll of immolation
 s - 3 scrolls of amnesia
 H - a scroll of enchant armour
Potions
 d - 2 potions of might
 h - a potion of magic
 i - 3 potions of cancellation
 j - 4 potions of lignification
 k - a potion of berserk rage {unknown}
 l - 3 potions of attraction
 n - a potion of mutation
 t - 3 potions of brilliance
 C - a potion of ambrosia {unknown}
 G - a potion of degeneration {unknown}


   Skills:
 + Level 7.5 Fighting
 + Level 14.4 Polearms
 + Level 6.0 Throwing
 - Level 5.0 Armour
 - Level 7.0 Shields
 - Level 5.0 Evocations


You had 11 spell levels left.
You didn't know any spells.
Your spell library contained the following spells:

 Spells                   Type           Power      Damage    Failure   Level
 Magic Dart               Conj           0%         1d3       98%         1
 Call Imp                 Summ           0%         N/A       99%         2
 Searing Ray              Conj           0%         3d3       99%         2
 Slow                     Hex            0%         N/A       99%         2
 Sublimation of Blood     Necr           0%         N/A       99%         2
 Conjure Flame            Conj/Fire      0%         6-21      100%        3
 Dazzling Flash           Conj/Hex       0%         N/A       100%        3
 Ignite Poison            Fire/Tmut/Pois 0%         N/A       100%        3
 Mephitic Cloud           Conj/Pois/Air  0%         N/A       100%        3
 Fulminant Prism          Conj/Hex       0%         3d6       100%        4
 Iskenderun's Mystic Bla  Conj/Tloc      0%         2d3       100%        4
 Petrify                  Tmut/Erth      0%         N/A       100%        4
 Alistair's Intoxication  Tmut/Pois      0%         N/A       100%        5
 Irradiate                Conj/Tmut      0%         3d13      100%        5
 Eringya's Noxious Bog    Tmut/Pois      0%         N/A       100%        6
 Blink                    Tloc           Unusable   N/A       N/A         2

Dungeon Overview and Level Annotations

Branches:
Dungeon (11/15)            Temple (1/1) D:7            Lair (1/6) D:11
    Orc (0/2) D:10          Sewer (visited)

Altars:
Ashenzari
Cheibriados
Dithmenos
Elyvilon
Fedhas
Gozag
Hepliaklqana
Ru
Sif Muna
Trog
Uskayaw
Wu Jian
Xom
Yredelemnul
Zin
The Shining One

Shops:
D:2 ![==   D:7 [   D:11 (

Annotations:
D:9 2 transporters


Innate Abilities, Weirdness & Mutations

You cannot be hasted, slowed, berserked, paralysed or teleported.
You can dig through walls and to a lower floor.
You have a pair of large antennae on your head. (SInv)
Your four strong arms can wield two-handed weapons with a shield.


Message History

The ten-headed hydra bites you!
* * * LOW HITPOINT WARNING * * *
You block the ten-headed hydra's attack.
The ten-headed hydra closely misses you.
You block the ten-headed hydra's attack.
The ten-headed hydra bites you but does no damage.
You are too injured to fight recklessly!
You are too injured to fight recklessly!
You are too injured to fight recklessly!
You are too injured to fight recklessly!
* * * LOW HITPOINT WARNING * * *
You feel very sick.
The ten-headed hydra is no longer moving slowly.
You feel much better.
You feel very sick.
The cane toad stings you but does no damage.
The ten-headed hydra barely misses you.
You block the ten-headed hydra's attack.
The ten-headed hydra bites you but does no damage.
The ten-headed hydra barely misses you. The ten-headed hydra bites you.
* * * LOW HITPOINT WARNING * * *
The ten-headed hydra bites you but does no damage.
The ten-headed hydra bites you!
* * * LOW HITPOINT WARNING * * *
The ten-headed hydra bites you!
* * * LOW HITPOINT WARNING * * *
The ten-headed hydra barely misses you.
The ten-headed hydra bites you but does no damage.
* * * LOW HITPOINT WARNING * * *
You feel very sick.
Okay, then.
Okay, then.
Okay, then.
It was a potion of haste.
Your stasis prevents you from being hasted.
* * * LOW HITPOINT WARNING * * *
You feel very sick. The ten-headed hydra bites you.
You die...
Your body crumbles into a pile of gold.

{ ....# . ....# .. ###
....# ...####### ###.##
...# .........###.##)#
...##
.......FF@.....###....##.
........D.......<........
........F................
.........................
.......#..+#.#.###....##.
$ ......##.....### ...##
...####....... ...# ...
...####.. ....# .. ##.
....#


You could see a ten-headed hydra, 2 cane toads and a bullfrog.

Vanquished Creatures
  A two-headed ogre (D:11)
  Urug (D:11)
  Nergalle (Lair:1)
  A cyclops (D:11)
  A black mamba (Lair:1)
  A gargoyle (D:10)
  A komodo dragon (D:11)
  A troll (D:7)
  Prince Ribbit (D:7)
  A meliai zombie (D:10)
  6 water elementals
  19 yaks
  A shadow (D:11)
  A wyvern (D:11)
  2 vampire mosquitoes (D:11)
  An acid dragon (D:9)
  A water moccasin (D:8)
  4 orc warriors
  Duvessa (D:4)
  A sky beast (D:6)
  4 black bears
  4 ogres
  6 wolves (Lair:1)
  A centaur (D:8)
  A necrophage (D:5)
  2 phantoms
  2 kobold brigands
  3 bullfrogs
  A scorpion (D:11)
  A wyvern skeleton (D:5)
  Dowan (D:4)
  6 killer bees (D:8)
  8 wights
  6 electric eels
  4 howler monkeys
  A bullfrog zombie (D:5)
  2 centaur zombies
  3 jellies
  9 orc priests
  A hound (D:4)
  2 centaur skeletons (D:4)
  2 iguanas
  14 orc wizards
  Natasha (thrice) (D:4)
  A killer bee zombie (D:9)
  A howler monkey zombie (D:10)
  15 adders
  3 river rats
  A white imp (D:6)
  An ufetubus (D:5)
  2 adder skeletons (D:4)
  2 worms
  3 dart slugs
  32 orcs
  8 endoplasms
  4 giant cockroaches
  9 goblins
  4 hobgoblins
  12 jackals
  17 kobolds
  2 quokkas
  14 ball pythons
  2 bats
  2 frilled lizards
  10 rats
279 creatures vanquished.

Vanquished Creatures (others)
  A shadow imp (D:6)
  13 fungi (D:11)
  28 plants
42 creatures vanquished.

Grand Total: 321 creatures vanquished

Notes
Turn   | Place    | Note
-------+----------+-------------------------------------------
     0 | D:1      | Delamore the Formicid Fighter began the quest for the Orb.
     0 | D:1      | Reached XP level 1. HP: 18/18 MP: 1/1
   232 | D:1      | Reached XP level 2. HP: 24/24 MP: 2/2
   617 | D:1      | Reached XP level 3. HP: 25/30 MP: 3/3
   687 | D:1      | Reached skill level 3 in Polearms
  1374 | D:2      | Reached XP level 4. HP: 21/37 MP: 4/4
  1582 | D:2      | Found Lastuaxag's Armour Shoppe.
  1712 | D:2      | Found Heckumon's Distillery.
  1768 | D:2      | Bought a potion of curing for 42 gold pieces
  1990 | D:2      | Found a white marble altar of Elyvilon.
  2118 | D:2      | Found Tyabbai's Jewellery Shop.
  2193 | D:2      | Reached skill level 4 in Polearms
  2902 | D:2      | Found Loys's Jewellery Boutique.
  3209 | D:3      | Reached XP level 5. HP: 42/42 MP: 5/5
  3290 | D:3      | Found a glowing drain.
  3499 | Sewer    | Entered a sewer
  3652 | Sewer    | Noticed a kobold brigand
  3670 | Sewer    | Killed a kobold brigand
  3671 | Sewer    | Reached XP level 6. HP: 21/49 MP: 6/6
  3689 | Sewer    | Reached skill level 5 in Polearms
  3902 | Sewer    | Found a glowing silver altar of Zin.
  3984 | D:3      | Found a hide-covered altar of Uskayaw.
  4226 | D:3      | Reached skill level 5 in Fighting
  4387 | D:3      | Found a faded altar of an unknown god.
  4449 | D:3      | Noticed a black bear
  4462 | D:3      | Killed a black bear
  4463 | D:3      | Reached skill level 6 in Polearms
  4463 | D:3      | Reached XP level 7. HP: 44/56 MP: 7/7
  4892 | D:4      | Noticed Duvessa
  4892 | D:4      | Noticed Dowan
  5387 | D:4      | Noticed Natasha
  5400 | D:4      | Killed Natasha
  5544 | D:4      | Killed Dowan
  5558 | D:5      | Entered Level 5 of the Dungeon
  5787 | D:4      | Killed Duvessa
  5798 | D:4      | Reached skill level 7 in Polearms
  6112 | D:4      | HP: 2/56 [adder skeleton (3)]
  6774 | D:5      | Found a shadowy altar of Dithmenos.
  6802 | D:5      | Reached XP level 8. HP: 53/62 MP: 8/8
  6819 | D:5      | Reached skill level 8 in Polearms
  6967 | D:5      | Found a white marble altar of Elyvilon.
  7732 | D:4      | Noticed Natasha
  7741 | D:4      | Killed Natasha
  7898 | D:4      | Reached skill level 9 in Polearms
  8239 | D:4      | Reached skill level 1 in Throwing
  8277 | D:4      | Noticed Natasha
  8287 | D:4      | Killed Natasha
  9311 | D:5      | Reached XP level 9. HP: 44/68 MP: 9/9
  9812 | D:5      | Found an ornate altar of the Wu Jian Council.
 10026 | D:5      | HP: 3/68 [poisoned by an adder]
 10814 | D:6      | Reached skill level 5 in Shields
 11373 | D:6      | Reached skill level 10 in Polearms
 11716 | D:7      | Reached skill level 5 in Armour
 11742 | D:7      | Noticed Prince Ribbit
 11825 | D:7      | Killed Prince Ribbit
 12147 | D:7      | Noticed a troll
 12153 | D:7      | Killed a troll
 12154 | D:7      | Reached XP level 10. HP: 60/74 MP: 10/10
 12301 | D:7      | Found a staircase to the Ecumenical Temple.
 12339 | Temple   | Entered the Ecumenical Temple
 12414 | Temple   | Became a worshipper of Gozag Ym Sagoz the Greedy
 12454 | D:7      | Found Hietehoi's Armour Boutique.
 12462 | D:7      | Bought a +2 cloak of willpower for 301 gold pieces
 12696 | D:8      | Reached skill level 11 in Polearms
 13684 | D:8      | Reached skill level 12 in Polearms
 14577 | D:9      | Found a transporter.
 14577 | D:9      | Found a transporter.
 14579 | D:9      | Noticed a shadow wraith
 14580 | D:9      | Noticed a seven-headed hydra
 14613 | D:9      | Found a snail-covered altar of Cheibriados.
 15136 | D:10     | Entered Level 10 of the Dungeon
 15189 | D:10     | Reached skill level 13 in Polearms
 15230 | D:10     | Noticed a gargoyle
 15253 | D:10     | Killed a gargoyle
 15254 | D:10     | Reached XP level 11. HP: 11/79 MP: 11/11
 15780 | D:10     | Found a staircase to the Orcish Mines.
 15894 | D:10     | Reached skill level 14 in Polearms
 15898 | D:10     | Identified the +3 flail of Kiyhoyps {drain, rPois Str+4
                  | Dex+5}
 16158 | D:10     | Reached skill level 1 in Evocations
 16185 | D:10     | Found a bloodstained altar of Trog.
 16477 | D:11     | Noticed Urug
 16492 | D:11     | Killed Urug
 16529 | D:11     | Bought a runed halberd for 210 gold pieces
 16915 | D:11     | Noticed a two-headed ogre
 16926 | D:11     | Found a staircase to the Lair.
 16959 | D:11     | Killed a two-headed ogre
 16970 | D:11     | Reached skill level 5 in Throwing
 17506 | D:11     | Reached XP level 12. HP: 84/89 MP: 12/12
 17893 | Lair:1   | Entered Level 1 of the Lair of Beasts
 17898 | Lair:1   | Noticed Nergalle
 17924 | Lair:1   | Killed Nergalle
 17925 | Lair:1   | Reached skill level 5 in Evocations
 18065 | Lair:1   | Noticed a seven-headed hydra
 18077 | Lair:1   | HP: 4/91 [poisoned by a cane toad]
 18078 | Lair:1   | HP: 1/91 [poisoned by a cane toad]
 18078 | Lair:1   | Slain by a ten-headed hydra

Illustrated notes

Levels and vault maps discovered:
D:1:      minmay_arrival_checkered_box, layout_loops_corners
D:2:      layout_basic, basic_altar, serial_shops, nicolae_shop_crystal, shop,
          shop, shop
D:3:      layout_basic, nicolae_overflow_hidden_temple,
          shapermc_ecumenical_altar_starsandcircs, portal_sewer_entry_e,
          st_stairs_4, minmay_pentomino_pile
D:4:      layout_layer_cave, uniq_duvessa, uniq_natasha
D:5:      layout_basic, kennysheep_mini_moat,
          nicolae_dithmenos_through_a_glass_darkly, nzn_wu_jian_council_hall,
          solitary_fountain
D:6:      layout_rooms, chequers_big_river, minmay_unpleasant_kobolds
D:7:      layout_cave_pools, lemuel_temple_firewalk_b, serial_shops, shop,
          minmay_small_thing, uniq_prince_ribbit1
D:8:      minmay_goldmine, layout_gridville, roderic_lattice_a
D:9:      layout_rooms, gammafunk_temple_overflow_arena
D:10:     layout_basic, old_standard_altar, orc_0_dummy,
          nicolae_underground_beach
D:11:     layout_basic, grunt_lair_entry_orc_guard_hut, uniq_urug
Temple:   eino_temple_rhombus
Lair:1:   layout_hall_layers, beast_lair_carwin_6, grunt_megastairs_2,
          uniq_nergalle

Skill      XL: |  1  2  3  4  5  6  7  8  9 10 11 12 |
---------------+-------------------------------------+-----
Polearms       | 3 4 6 7 9 10 13 14 | 14.4
Fighting       | 4 5 6 7 |  7.5
Throwing       | 1 3 5 6 |  6.0
Shields        | 4 6 7 |  7.0
Armour         | 4 5 |  5.0
Evocations     | 4 5 |  5.0

Action                   |  1- 3 |  4- 6 |  7- 9 | 10-12 || total
-------------------------+-------+-------+-------+-------++-------
Melee: Trident           |    96 |   220 |   224 |   351 ||   891
       Dagger            |       |       |   197 |       ||   197
       Halberd           |       |       |       |   165 ||   165
Throw: Dart              |       |     9 |    51 |    11 ||    71
Invok: Call Merchant     |       |       |       |     1 ||     1
 Abil: Dig               |       |     1 |    12 |    32 ||    45
Evoke: Wand              |       |       |     1 |     7 ||     8
  Use: Scroll            |     3 |     4 |     6 |     9 ||    22
       Potion            |       |     1 |     3 |     6 ||    10
 Stab: Distracted        |       |       |       |     1 ||     1
       Paralysed         |       |       |       |    10 ||    10
       Invisible         |       |       |       |     4 ||     4
Armor: Scale mail        |    35 |    80 |   122 |       ||   237
       Plate armour      |       |       |     7 |    98 ||   105
       Chain mail        |       |       |       |    45 ||    45
Dodge: Dodged            |    33 |    67 |   117 |    92 ||   309
Block: Kite shield       |    43 |   113 |   195 |   210 ||   561

Table legend: (Time is in decaauts)
 A = Elapsed time spent in this place.
 B = Non-inter-level travel time spent in this place.
 C = Inter-level travel time spent in this place.
 D = Time resting spent in this place.
 E = Time spent auto-exploring this place.
 F = Levels seen in this place.
 G = Mean time per level.
                   A        B        C        D        E       F      G
               +--------+--------+--------+--------+--------+-----+--------+
         Total |  18172 |  17331 |    841 |   5021 |   9735 |  14 | 1298.0 |
       Dungeon |  17415 |  16601 |    814 |   4738 |   9437 |  11 | 1583.2 |
        Temple |     92 |     65 |     27 |      0 |     63 |   1 |   92.0 |
          Lair |    177 |    177 |      0 |    100 |     11 |   1 |  177.0 |
         Sewer |    487 |    487 |      0 |    183 |    224 |   1 |  487.0 |
               +--------+--------+--------+--------+--------+-----+--------+

Top non-repeatable levels by time:
     D:4: 2818 daAuts
     D:3: 2040 daAuts
     D:5: 1929 daAuts
     D:8: 1813 daAuts
     D:2: 1658 daAuts
     D:1: 1597 daAuts
    D:11: 1490 daAuts
     D:6: 1420 daAuts
    D:10: 1210 daAuts
     D:7: 824 daAuts
     D:9: 612 daAuts
   Sewer: 487 daAuts
  Lair:1: 177 daAuts
  Temple: 92 daAuts
